Map: 베를린그라드 - 래더

Players

DPGCure (Cure) - Winner!

  • Race: Terran Terran

DPGDark (Dark)

  • Race: Zerg Zerg
  • League: Master

Event: DreamHack SC2 Masters Last Chance 2022

VOD

Have the link to the VOD?

Description

Time

  • Played on: Dec. 15, 2021, 6:40 a.m.
  • Length: 17:14

All games in this series

Show
View Real Time Build Order
Export as new Build Order

DPGCure Terran - Winner!

Build Orders:  

Get SALT Encoding   

  12  0:00  SCV  
  13  0:12  SCV  
  14  0:17  Supply Depot  
  14  0:24  SCV  
  15  0:39  SCV  
  15  0:40  Barracks  
  15  0:42  Refinery  
  16  0:51  SCV  
  17  0:58  Barracks  
  17  1:03  SCV  
  18  1:15  SCV  
  18  1:18  Barracks  
  19  1:24  Refinery  
  19  1:29  Reaper  
  20  1:40  Supply Depot  
  20  1:44  Reaper  
  21  2:01  Reaper  
  21  2:05  Reaper  
  21  2:07  Orbital Command  
  23  2:17  Reaper  
  23  2:21  Supply Depot  
  24  2:33  Reaper  
  24  2:34  SCV  
  26  2:40  Reaper  
  27  2:46  SCV  
  27  2:49  Reaper  
  30  3:05  Reaper  
  30  3:08  SCV  
  30  3:12  Reaper  
  32  3:19  Command Center  
  32  3:21  SCV, Reaper  
  33  3:37  Reaper  
  33  3:39  SCV  
  33  3:41  Supply Depot  
  35  3:44  Reaper  
  36  3:51  SCV  
  35  4:14  SCV  
  36  4:17  Barracks Tech Lab x2, Barracks Reactor  
  36  4:18  Command Center  
  36  4:25  Bunker  
  36  4:26  SCV  
  37  4:32  Orbital Command  
  37  4:35  Stimpack  
  37  4:37  Marine x2  
  39  4:40  Combat Shield  
  39  4:41  SCV  
  40  4:54  SCV  
  40  4:55  Marine x2  
  40  4:58  Marauder  
  40  4:59  Marauder  
  47  5:01  SCV  
  47  5:06  SCV  
  49  5:12  Marine  
  49  5:13  SCV, Marine  
  52  5:18  SCV  
  52  5:20  Factory  
  52  5:21  Marine x2  
  55  5:27  SCV  
  55  5:29  Orbital Command  
  55  5:30  SCV  
  55  5:32  Marine x2  
  58  5:38  Marine  
  58  5:39  SCV  
  58  5:42  SCV  
  61  5:45  Engineering Bay  
  61  5:48  Engineering Bay  
  61  5:51  SCV  
  61  5:54  SCV  
  61  5:56  Marine x4  
  65  5:59  SCV  
  65  6:03  SCV  
  67  6:06  SCV, Factory Reactor  
  67  6:07  Starport  
  68  6:11  SCV  
  68  6:15  Terran Infantry Weapons Level 1, SCV  
  68  6:16  Terran Infantry Armor Level 1  
  70  6:18  SCV  
  70  6:28  Marine  
  70  6:29  Marauder x2, Marine  
  70  6:32  SCV x2  
  77  6:36  Refinery  
  77  6:38  Refinery, Orbital Command  
  77  6:39  Concussive Shells  
  77  6:42  Barracks  
  77  6:43  Barracks  
  77  6:50  Supply Depot  
  77  6:53  Medivac, SCV x2, Factory Tech Lab  
  81  6:54  Medivac  
  81  6:57  Supply Depot  
  81  7:01  Marauder  
  85  7:05  Marine  
  85  7:07  SCV x2  
  85  7:12  SCV, Marine x2  
  88  7:19  SCV x2  
  88  7:21  Siege Tank  
  88  7:22  Marauder  
  92  7:23  Marine  
  92  7:24  SCV  
  92  7:27  Medivac  
  92  7:29  Marine  
  96  7:30  Marauder  
  96  7:31  Supply Depot, SCV x2  
  96  7:34  Supply Depot, Barracks Tech Lab, Barracks Reactor  
  101  7:44  Supply Depot  
  101  7:52  Medivac, SCV, Marine x3  
  101  7:53  Marauder  
  101  7:55  Supply Depot  
  101  7:56  SCV, Armory  
  110  8:01  Missile Turret  
  110  8:05  SCV x2  
  112  8:08  SCV  
  112  8:10  Marine x2  
  112  8:11  Marauder  
  112  8:12  Marauder, Marine x2  
  118  8:14  Marauder  
  118  8:16  Supply Depot  
  118  8:17  Supply Depot, SCV x2  
  118  8:18  Refinery  
  118  8:19  Medivac, Refinery  
  126  8:20  SCV  
  126  8:22  Medivac  
  129  8:34  SCV x3  
  131  8:36  Marine  
  131  8:37  Marine x2  
  131  8:38  Marauder, Siege Tank  
  131  8:39  Marauder  
  142  8:53  Medivac  
  142  8:54  Marauder  
  143  8:56  Supply Depot x2  
  143  8:58  Supply Depot  
  143  8:59  Marauder, Supply Depot  
  143  9:01  Terran Infantry Weapons Level 2  
  143  9:10  Terran Infantry Armor Level 2  
  143  9:13  Marauder, Marine x2  
  143  9:15  Marauder  
  148  9:17  Marine x2  
  148  9:19  Supply Depot x2  
  148  9:20  Marine  
  148  9:22  Siege Tank  
  154  9:29  Medivac  
  154  9:31  SCV x3, Marine  
  159  9:47  Marauder x3, Marine x3  
  159  9:48  Medivac, Marine  
  159  9:51  Barracks  
  171  9:53  Barracks  
  171  10:06  Marine x4  
  169  10:08  Marauder  
  169  10:09  Marauder x2  
  169  10:10  Medivac, Siege Tank, Barracks  
  174  10:18  Medivac  
  175  10:24  Marine x4  
  175  10:26  Bunker  
  179  10:30  Marauder x3  
  185  10:40  Command Center  
  185  10:41  Barracks Tech Lab, Marine x2  
  185  10:42  Marine x2  
  190  10:46  Barracks Reactor  
  189  10:51  Marauder x2, Marine  
  193  10:59  Marine  
  193  11:01  Marauder, Marine  
  197  11:15  Missile Turret, Sensor Tower  
  197  11:20  Marine  
  197  11:21  Marauder x2  
  197  11:30  Marine x2  
  197  11:31  Marauder, Marine x2  
  196  11:32  Marauder  
  196  11:33  Siege Tank  
  196  11:37  Marine x2  
  196  11:38  Marine  
  178  11:42  Marauder x2  
  178  11:47  Marine  
  178  11:48  Marine  
  178  11:49  Marine x2  
  178  11:52  Marauder  
  178  11:54  Marauder  
  182  11:55  Marine x2  
  182  11:56  Marine  
  182  11:58  Medivac x2  
  189  12:03  Marauder  
  189  12:04  Marauder  
  189  12:05  Siege Tank, Marine  
  189  12:06  Marine  
  193  12:09  Orbital Command  
  193  12:10  Marine x2  
  193  12:13  Marine x2  
  193  12:14  Marauder  
  193  12:15  Marauder  
  193  12:25  Marauder x2  
  193  12:28  Medivac x2  
  195  12:35  Marauder  
  195  12:37  Marauder  
  168  12:45  Marine x4  
  168  12:46  Marauder x2, Marine x2  
  175  12:51  Siege Tank  
  175  12:56  Marine  
  175  12:57  Marauder  
  175  12:58  Marauder, Medivac x2  
  174  13:00  Orbital Command  
  174  13:02  Terran Infantry Weapons Level 3  
  174  13:03  Marine x2  
  174  13:05  Terran Infantry Armor Level 3  
  176  13:08  Marauder x2  
  176  13:09  Sensor Tower  
  173  13:18  Marauder  
  173  13:19  Marauder  
  173  13:30  Marine x4  
  173  13:31  Marauder x2  
  181  13:34  Medivac x2  
  185  13:45  Marauder, Marine x2  
  185  13:46  Marauder  
  185  13:47  Siege Tank  
  185  13:48  Marine  
  195  13:52  Marauder  
  198  14:00  Marine x2  
  198  14:02  Missile Turret  
  200  14:03  Barracks Tech Lab  
  200  14:05  Ghost Academy  
  185  14:35  Marine x7  
  185  14:36  Marauder x4  
  185  14:38  Siege Tank  
  188  14:46  Medivac x2  
  185  14:53  Marine x4  
  185  14:54  Marauder  
  185  14:57  Marauder  
  168  15:09  Marauder x3, Marine x2  
  168  15:11  Marine x2  
  176  15:16  Medivac x2  
  176  15:20  Marauder, Marine x3  
  179  15:25  Siege Tank  
  179  15:26  Marine  
  179  15:30  Marauder  
  176  15:45  Marauder, Marine x4  
  176  15:46  Marauder  
  176  15:48  Marauder x2, Marine x2  
  161  15:52  Marauder  
  161  15:55  Medivac x2  
  155  15:58  Siege Tank  
  155  16:03  Marine x4  
  158  16:06  Marine x2  
  158  16:07  Marauder x2  
  158  16:08  Command Center  
  158  16:10  Marauder x2  
  168  16:12  Marine  
  169  16:21  Marine x4  
  169  16:23  Marine  
  174  16:26  Medivac x2  
  174  16:28  Marauder x2  
  174  16:30  Siege Tank  
  174  16:32  Marauder x2  
Show
View Real Time Build Order
Export as new Build Order

DPGDark Zerg 

Build Orders: Hatch First, Lurkers 

Get SALT Encoding   

  12  0:00  Drone  
  13  0:11  Overlord  
  13  0:16  Drone  
  14  0:29  Drone  
  14  0:30  Drone  
  16  0:46  Hatchery  
  15  0:50  Drone  
  15  0:54  Drone  
  17  0:59  Drone  
  18  1:08  Extractor  
  17  1:13  Spawning Pool  
  17  1:16  Drone  
  17  1:19  Drone  
  18  1:27  Drone  
  19  1:37  Drone  
  20  1:48  Drone  
  21  1:59  Queen x2  
  25  2:04  Zergling x4  
  27  2:12  Zergling x2  
  28  2:16  Overlord  
  28  2:20  Hatchery  
  27  2:23  Drone  
  28  2:37  Queen  
  28  2:43  Queen  
  31  2:45  Drone x2  
  31  2:46  Drone  
  34  2:58  Overlord  
  34  3:00  Zergling x2  
  35  3:06  Roach Warren  
  35  3:07  Zergling x2  
  35  3:08  Zergling x2  
  35  3:13  Zergling x2  
  36  3:20  Overlord  
  36  3:21  Zergling x6  
  36  3:26  Extractor  
  35  3:35  Zergling x8  
  40  3:47  Roach x3  
  46  3:51  Roach  
  46  3:54  Roach  
  49  3:59  Roach x2  
  52  4:09  Roach x2  
  55  4:10  Drone  
  55  4:16  Drone  
  57  4:19  Drone  
  58  4:28  Overlord x2  
  58  4:32  Overlord  
  58  4:47  Drone x5  
  58  4:49  Ravager x2  
  58  4:51  Drone  
  66  4:55  Drone  
  66  4:58  Drone  
  66  4:59  Ravager  
  69  5:02  Drone x2  
  70  5:07  Drone  
  70  5:08  Drone  
  70  5:09  Drone  
  70  5:10  Ravager  
  70  5:13  Drone  
  75  5:16  Drone x2  
  75  5:21  Drone x2  
  79  5:22  Drone  
  79  5:26  Drone  
  81  5:29  Drone  
  81  5:30  Lair  
  82  5:36  Overlord  
  82  5:38  Overlord  
  82  5:39  Overlord  
  82  5:42  Overlord  
  82  5:45  Overlord  
  82  5:52  Extractor x2  
  82  5:54  Drone x4  
  82  5:55  Drone  
  82  5:56  Drone  
  86  5:58  Metabolic Boost  
  86  6:00  Drone  
  86  6:01  Drone  
  86  6:04  Drone x2  
  90  6:05  Drone  
  90  6:07  Drone  
  90  6:08  Drone  
  90  6:10  Drone  
  94  6:12  Drone  
  94  6:16  Roach x2  
  99  6:28  Roach x3  
  99  6:29  Drone  
  106  6:36  Glial Reconstitution  
  106  6:37  Extractor x2  
  106  6:38  Drone  
  106  6:39  Drone, Overseer, Evolution Chamber  
  105  6:40  Evolution Chamber  
  105  6:41  Drone x2  
  106  6:47  Overlord x2  
  106  6:48  Overlord x2  
  103  7:09  Drone x5  
  103  7:15  Roach x3  
  113  7:17  Zerg Missile Weapons Level 1, Zerg Ground Armor Level 1  
  113  7:22  Drone  
  111  7:24  Drone x5  
  111  7:29  Drone  
  117  7:34  Roach x3  
  122  7:44  Hatchery  
  122  7:48  Roach x5  
  130  7:55  Drone, Hydralisk Den  
  130  7:56  Infestation Pit  
  130  7:57  Drone  
  130  8:04  Drone x7  
  137  8:11  Overlord  
  135  8:16  Overlord x2  
  135  8:17  Overlord  
  135  8:28  Queen, Lurker Den, Overlord  
  135  8:30  Queen, Extractor  
  135  8:32  Hive, Extractor  
  136  8:37  Infestor x2  
  136  8:39  Roach x4  
  148  8:42  Zergling x6  
  151  8:52  Roach x2  
  151  8:54  Overlord  
  155  8:56  Zergling x10  
  158  9:03  Drone x4  
  155  9:14  Zergling x16  
  162  9:17  Ravager x2, Zerg Missile Weapons Level 2  
  162  9:23  Spore Crawler  
  162  9:29  Overlord x2  
  162  9:30  Drone  
  162  9:31  Hydralisk x3  
  163  9:32  Hydralisk  
  163  9:34  Drone  
  172  9:48  Zergling x18  
  172  9:51  Viper  
  184  9:57  Viper  
  187  10:00  Zerg Ground Armor Level 2  
  187  10:05  Lurker x2  
  186  10:10  Hydralisk x2  
  186  10:11  Hydralisk  
  192  10:14  Adaptive Talons  
  192  10:23  Overlord  
  192  10:25  Overlord  
  192  10:28  Overlord  
  192  10:31  Overlord  
  192  10:33  Overlord x2  
  192  10:42  Lurker x4  
  196  10:43  Hydralisk x2  
  199  10:55  Drone  
  199  10:56  Drone  
  199  11:00  Hydralisk  
  197  11:11  Seismic Spines  
  194  11:23  Hydralisk x3, Spore Crawler  
  156  11:40  Zergling x20  
  156  11:41  Zergling x18  
  156  11:45  Lurker x3  
  156  11:47  Hydralisk x3  
  155  11:55  Hydralisk x7, Lurker  
  155  11:56  Hydralisk x2  
  155  11:58  Lurker x3  
  171  12:03  Drone x3  
  171  12:07  Drone  
  158  12:09  Hatchery  
  158  12:10  Hydralisk  
  158  12:14  Lurker x3  
  141  12:23  Lurker x4  
  141  12:27  Lurker x3  
  134  12:49  Lurker  
  134  12:50  Zergling x14  
  142  12:53  Hydralisk x2  
  146  12:59  Zergling x2  
  146  13:03  Hydralisk x2  
  151  13:07  Drone x3  
  151  13:11  Hydralisk  
  153  13:25  Lurker  
  153  13:26  Drone x2  
  146  13:28  Drone x2  
  146  13:30  Hydralisk, Evolution Chamber  
  146  13:31  Lurker  
  146  13:32  Viper x2  
  153  13:38  Drone x3, Lurker x2  
  153  13:39  Lurker  
  153  13:40  Drone x4  
  163  13:42  Drone, Extractor x2  
  163  13:45  Drone x2  
  164  13:50  Drone x2  
  164  13:52  Drone x2  
  168  13:59  Lurker  
  166  14:14  Hydralisk x4  
  168  14:19  Zergling x4  
  155  14:28  Drone x3  
  155  14:29  Hydralisk x3  
  162  14:34  Zergling x4  
  162  14:36  Hydralisk x2  
  146  14:49  Hydralisk x5  
  144  14:54  Lurker  
  144  14:59  Lurker  
  144  15:03  Hydralisk x3  
  144  15:06  Lurker x2  
  145  15:28  Hydralisk x3  
  142  15:33  Lurker  
  100  15:51  Hydralisk x2  
  87  15:59  Lurker x3  
  90  16:13  Hydralisk  
  90  16:16  Hydralisk x3  
  95  16:23  Drone x2  
  91  16:26  Drone  
  91  16:29  Drone  
  93  16:36  Hatchery  
  92  16:40  Lurker x2  
  94  16:54  Lurker  
  94  17:06  Spawning Pool  

Tags
 
Add a new tag
Caveats
  • Supply blocks, unpowered buildings, or Contaminate may cause inaccurate times.
  • Supply counts are checked every 10 seconds.